 Dungeon Crawl Stone Soup version 0.31-a0-177-g4aa6249778 (webtiles) character file.

Game seed: 6476614604949472134

67 qw the Chopper (level 4, -7/28 HPs)
             Began as a Gargoyle Fighter on June 18, 2023.
             Killed from afar by an orc wizard (8 damage)
             ... with a magic dart
             ... on level 2 of the Dungeon.
             The game lasted 00:00:41 (1311 turns).

qw the Chopper (Gargoyle Fighter)                   Turns: 1311, Time: 00:00:42

Health: -7/28      AC: 10    Str: 22    XL:     4   Next: 16%
Magic:  4/4        EV:  9    Int:  8    God:
Gold:   102        SH:  0    Dex:  9    Spells: 3/3 levels left

rFire   . . .        Y - +0 war axe
rCold   . . .        c - +0 buckler
rNeg    + . .        b - +0 scale mail
rPois   inf          (no helmet)
rElec   +            (no cloak)
rCorr   +            (no gloves)
SInv    .            (no boots)
Will    .....        (no amulet) Stlth
                     e - ring of resist corrosion
HPRegen 0.24/turn    (no ring)
MPRegen 0.09/turn

%: no passive effects
@: confused
A: sickness immunity, AC +3, negative energy resistance 1, electricity
resistance, torment resistance 1, petrification resistance
a: no special abilities


You were on level 2 of the Dungeon.
You visited 1 branch of the dungeon, and saw 3 of its levels.

You collected 102 gold pieces.


Innate Abilities, Weirdness & Mutations

You are immune to sickness and miasma.
Your stone body is resilient. (AC +3)
You are immune to poison.
You resist negative energy. (rN+)
You are resistant to electric shocks. (rElec)
You are resistant to unholy torment.
You are immune to petrification.


   Skills:
 - Level 3.2 Fighting
 + Level 3.9 Axes
 - Level 3.2 Armour
 - Level 3.2 Shields


You had 3 spell levels left.
You didn't know any spells.
Your spell library was empty.

Inventory:

Hand Weapons
 h - a +0 whip
 Y - a +0 war axe (weapon)
Armour
 b - a +0 scale mail (worn)
 c - a +0 buckler (worn)
Jewellery
 e - a ring of resist corrosion (left hand)
Scrolls
 g - a scroll of identify
Potions
 d - 2 potions of might
 f - a potion of invisibility {unknown}
 j - a potion of mutation {unknown}

Dungeon Overview and Level Annotations

Branches:
Dungeon (3/15)

Altars:
Wu Jian


Message History

You completely miss something.
Something hits you but does no damage. x2
You barely miss something. You block something's attack.
You miss something. Something hits you but does no damage.
You barely miss something. Something hits you.
Something hits you but does no damage.
You slash something! Something hits you.
You hit something.
Something hits you but does no damage. x2
You barely miss something. Something hits you but does no damage.
You barely miss something. Something hits you but does no damage.
You closely miss something.
An orc wizard appears from thin air!
Reactivating autopickup.
The orc wizard casts a spell at you. The puff of flame misses you.
The orc wizard hits you but does no damage.
You closely miss the orc wizard.
The orc wizard is severely wounded.
The orc wizard hits you with a +0 dagger.
You closely miss the orc wizard.
The orc wizard is severely wounded.
The orc wizard casts a spell at you.
The magic dart hits you but does no damage.
You closely miss the orc wizard.
The orc wizard is severely wounded.
The orc wizard casts a spell at you.
You are confused.
The orc wizard hits you but does no damage.
The orc wizard points at you and mumbles some strange words.
The magic dart hits you. The orc wizard barely misses you.
The orc wizard casts a spell at you. The magic dart hits you!
You die...

#..#.....#.......#.........
##.......######%........)..
##.......#####.####.......
####..#.#.....# #.......
##.##.#.##### ##.....#.
##..##.#.....###..#.###.
#..###.......##......##.
#....)o##....#........#.
###.....)@)...............
#........#...............#
#........#......<........#
#........#...............#
#.#......................#
####.#......##[.........>....
#...........######..........#
#...........# #..........#
#...........# #...........


You could see an orc wizard.

Vanquished Creatures
  An orc wizard (D:2)
  An adder (D:2)
  A worm (D:2)
  A dart slug (D:2)
  2 orcs
  2 bats
  An endoplasm (D:1)
  3 giant cockroaches
  3 goblins
  2 hobgoblins (D:2)
  4 ball pythons
  5 frilled lizards
  2 kobolds
  2 rats
30 creatures vanquished.

Notes
Turn   | Place    | Note
-------+----------+-------------------------------------------
     0 | D:1      | qw the Gargoyle Fighter began the quest for the Orb.
     0 | D:1      | Reached XP level 1. HP: 14/14 MP: 1/1
     0 | D:1      | 0 ||| qw: Version: 0.3-a-5-g6f28e65
     0 | D:1      | 0 ||| qw: Game counter: 613
     0 | D:1      | 0 ||| qw: Always use a shield: true
     0 | D:1      | 0 ||| qw: God list: Okawaru
     0 | D:1      | 0 ||| qw: Allow faded altars: false
     0 | D:1      | 0 ||| qw: Do Orc after D:15 true
     0 | D:1      | 0 ||| qw: Do second Lair branch before Depths: true
     0 | D:1      | 0 ||| qw: Lair rune preference: random
     0 | D:1      | 0 ||| qw: Plans: Normal, Zot:1-4, Slime:5, God:TSO, Crypt,
                  | Tomb, Abyss, Pan, Hells, Win
     0 | D:1      | 0 ||| PLANNING D:1-11
    45 | D:1      | Found a faded altar of an unknown god.
   153 | D:1      | Reached XP level 2. HP: 16/19 MP: 2/2
   725 | D:1      | 725 ||| UPGRADING to ring of resist corrosion.
   726 | D:1      | 726 ||| READING scroll labelled IDIDYES GEBAWN.
   727 | D:1      | 727 ||| READING 2 scrolls labelled YLOOC UMNECLOT.
   728 | D:1      | 728 ||| READING scroll labelled YPATRI XIOQA.
   729 | D:1      | 729 ||| DROPPING scroll of poison.
   805 | D:2      | 805 ||| Stepping ~*~*~tactically~*~*~ (hiding).
   810 | D:2      | Reached skill level 3 in Axes
   938 | D:2      | Reached XP level 3. HP: 23/23 MP: 3/3
  1250 | D:2      | Found an ornate altar of the Wu Jian Council.
  1254 | D:2      | 1254 ||| READING scroll labelled OCHA PUMEKO.
  1285 | D:3      | 1285 ||| STAIRDANCE
  1289 | D:2      | Reached XP level 4. HP: 8/28 MP: 4/4
  1292 | D:2      | HP: 6/28 [something (3)]
  1300 | D:2      | HP: 6/28 [something (1)]
  1306 | D:2      | HP: 4/28 [orc wizard/+0 dagger (2)]
  1309 | D:2      | HP: 1/28 [orc wizard/magic dart (4)]
  1311 | D:2      | Killed from afar by an orc wizard

Levels and vault maps discovered:
D:1:      mrwooster_arrival_arrow, layout_loops_ring,
          hellmonk_ecumenical_altar_lost_god, dreamdust_wishing_well,
          minmay_tree_intersection
D:2:      layout_rooms, basic_altar
D:3:      layout_loops_cross

Skill      XL: |  1  2 |
---------------+-------+-----
Axes           | 2 3 |  3.9
Fighting       | |  3.2
Armour         | |  3.2
Shields        | |  3.2

Action                     |  1- 3 |  4- 6 || total
---------------------------+-------+-------++-------
  Melee: War axe           |    85 |    17 ||   102
    Use: Scroll            |     4 |       ||     4
 Armour: Scale mail        |    46 |    19 ||    65
  Dodge: Dodged            |    50 |     2 ||    52
  Block: Buckler           |    16 |     1 ||    17

Table legend:
 A = Non-vault XP
 B = Vault XP
 C = Vault XP percentage of total XP
 D = Non-vault monster count
 E = Vault monster count
 F = Vault count percentage of total count
                 A         B        C        D         E       F
            +---------+---------+-------+---------+---------+-------
      Total |      96 |       0 |   0.0 |      30 |       0 |   0.0
            +---------+---------+-------+---------+---------+-------
        D:1 |      21 |       0 |   0.0 |      15 |       0 |   0.0
        D:2 |      72 |       0 |   0.0 |      14 |       0 |   0.0
        D:3 |       3 |       0 |   0.0 |       1 |       0 |   0.0
            +---------+---------+-------+---------+---------+-------
